 Dungeon Crawl Stone Soup version 0.32-a0-422-g28b100f618 (webtiles) character file.

Game seed: 12830978597450114012

830 cforsyth the Slasher (level 7, 0/84 HPs)
             Began as a Coglin Gladiator on Feb 21, 2024.
             Was an Initiate of Wu Jian.
             Succumbed to an orc wizard's poison
             ... on level 5 of the Dungeon.
             The game lasted 00:05:34 (4488 turns).

cforsyth the Slasher (Coglin Gladiator)             Turns: 4488, Time: 00:05:35

Health: 0/84       AC: 14    Str: 15    XL:     7   Next: 97%
Magic:  7/7        EV:  5    Int:  7    God:    Wu Jian [......]
Gold:   135        SH:  0    Dex: 17    Spells: 6/6 levels left

rFire   . . .        a - +0 long sword {Minjun}
rCold   . . .        j - +0 dagger (elec) {Oskar}
rNeg    . . .        p - +0 plate armour
rPois   .            m - +1 helmet
rElec   .            (no cloak)
rCorr   .            (no gloves)
SInv    .            (no boots)
Will    .....        B - amulet of the acrobat Stlth
                     (no ring)
HPRegen 0.34/turn    (no ring)
MPRegen 0.10/turn

%: acrobat
@: berserking (expiring), lethally poisoned (0 -> -11), revved, very quick
A: off-hand wielding, slow wielding, warmup strikes, legs shutdown
a: Renounce Religion


You were on level 5 of the Dungeon.
You worshipped Wu Jian.
Wu Jian was noncommittal.
You visited 2 branches of the dungeon, and saw 6 of its levels.

You collected 135 gold pieces.


Innate Abilities, Weirdness & Mutations

You can wield a second weapon in your off-hand.
It takes a long time for you to wield or remove held weapons.
Your first few attacks do less damage.
Attacking and casting redirects power from your legs.


   Skills:
 + Level 5.3 Fighting
 + Level 5.7 Long Blades
 - Level 1.7 Throwing
 + Level 4.3 Armour
 - Level 2.6 Dodging


You had 6 spell levels left.
You didn't know any spells.
Your spell library contained the following spells:

 Spells                   Type           Power      Damage    Failure   Level
 Freeze                   Ice            0%         1d3       100%        1
 Sublimation of Blood     Necr           0%         N/A       100%        2
 Frozen Ramparts          Ice            0%         1d1       100%        3
 Hailstorm                Conj/Ice       0%         3d5       100%        3
 Petrify                  Alch/Erth      0%         N/A       100%        4
 Irradiate                Conj/Alch      0%         3d11      100%        5

Inventory:

Hand Weapons
 a - a +0 long sword (weapon) {Minjun}
 j - a +0 dagger of electrocution (offhand) {Oskar}
Missiles
 d - 3 throwing nets (quivered) {=f}
 e - a javelin
Armour
 b - a +0 leather armour
 c - a +0 helmet
 m - a +1 helmet (worn)
 p - a +0 plate armour (worn)
 x - a +0 pair of gloves
 C - a scarf of invisibility
Magical Staves
 f - a staff of air {!a}
 k - a staff of conjuration {!a}
Jewellery
 q - an amulet of guardian spirit
 B - an amulet of the acrobat (around neck)
Wands
 t - a wand of digging (11)
 z - a wand of polymorph (9)
Scrolls
 g - a scroll of summoning {unknown}
 h - a scroll of immolation {unknown}
 o - a scroll of fear
 w - a scroll of brand weapon {unknown}
 y - a scroll of fog {unknown}
 A - a scroll of blinking {unknown}
Potions
 r - a potion of might
 s - a potion of mutation
 u - 2 potions of enlightenment
 v - 2 potions of attraction

Dungeon Overview and Level Annotations

Branches:
Dungeon (5/15)             Temple (1/1) D:4

Altars:
Ashenzari
Cheibriados
Dithmenos
Elyvilon
Gozag
Hepliaklqana
Kikubaaqudgha
Makhleb
Nemelex Xobeh
Okawaru
Qazlal
Ru
Trog
Uskayaw
Vehumet
Wu Jian
Xom
Zin
The Shining One

Shops:
D:5 [

Annotations:
D:3 1 runed translucent door, Crazy Yiuf
D:4 3 runed translucent doors, shadowstone's ghost, amateur CoBr
Temple 2 transporters

▓▓ ▓▓▓▓▓
▓...▓▓▓▓▓▓▓▓▓...▓
▓..o@.......▓.▓
▓....▓▓▓▓▓▓▓▓▓...▓
..) ▓▓.▓▓ ▓ ▓.▓
▓.▓ ▓▓▓▓▓▓▓.▓
▓.......▓▓▓▓▓ ▓▓+▓
▓.▓▓▓.......▓
▓▓...▓▓ ▓.▓
▓...▓▓▓.▓


You could see an orc priest.


Message History

You hit something with your +0 long sword.
You hit something with your +0 dagger of electrocution.
Lightning courses through something! The Council accepts your kill.
Reactivating autopickup.
You feel a bit more experienced.
You feel very sick.
You closely miss the orc with your +0 dagger of electrocution.
You slash the orc with your +0 long sword!
You kill the orc!
The Council accepts your kill.
You feel sick.
The orc priest mumbles some strange prayers to Beogh against you.
Beogh smites you!
* * * LOW HITPOINT WARNING * * *
You are too berserk!
You cannot move.
* * * LOW HITPOINT WARNING * * *
You feel very sick.
Unknown command.
You cannot move.
You feel a strong urge to attack something.
You are no longer unable to travel.
* * * LOW HITPOINT WARNING * * *
You feel very sick.
Unknown command.
Found a rapier.
You lunge at the orc priest.
You closely miss the orc priest with your +0 long sword.
You puncture the orc priest with your +0 dagger of electrocution!
You die...

Skill      XL: |  1  2  3  4  5  6  7 |
---------------+----------------------+-----
Armour         | 1 2 3 4 |  4.3
Fighting       | 3 4 5 |  5.3
Long Blades    | 4 5 |  5.7
Throwing       | |  1.7
Dodging        | |  2.6

Action                     |  1- 3 |  4- 6 |  7- 9 || total
---------------------------+-------+-------+-------++-------
  Melee: Long sword        |    55 |   110 |    51 ||   216
         Dagger            |    26 |   111 |    51 ||   188
Ability: Lunge             |       |     1 |     3 ||     4
    Use: Scroll            |       |       |     5 ||     5
         Potion            |       |       |     2 ||     2
 Armour: Leather armour    |    32 |       |       ||    32
         Plate armour      |     8 |   104 |    38 ||   150
  Dodge: Dodged            |    34 |    23 |    13 ||    70

Levels and vault maps discovered:
D:1:      minmay_arrival_doors, layout_rooms
D:2:      layout_basic, dreamdust_ecumenical_altar_drowned_temple
D:3:      layout_loops_cross, uniq_crazy_yiuf_cottage
D:4:      layout_layer_cave, minmay_temple_entry_drinking_statues,
          ebering_ghost_gozag, uniq_sigmund
D:5:      layout_loops_corners, fedhas_altar_fruit_tree, serial_shops,
          nicolae_stop_n_shop_2
Temple:   hellmonk_temple_divided_pantheon

Notes
Turn   | Place    | Note
-------+----------+-------------------------------------------
     0 | D:1      | cforsyth the Coglin Gladiator began the quest for the Orb.
     0 | D:1      | Reached XP level 1. HP: 16/16 MP: 1/1
    83 | D:1      | Reached XP level 2. HP: 9/22 MP: 2/2
   261 | D:1      | Reached skill level 1 in Armour
   274 | D:1      | Reached XP level 3. HP: 28/28 MP: 3/3
   631 | D:2      | Reached XP level 4. HP: 34/34 MP: 4/4
   725 | D:2      | Found a faded altar of an unknown god.
   764 | D:2      | Reached skill level 3 in Fighting
  1447 | D:2      | Reached skill level 2 in Armour
  1752 | D:3      | Reached skill level 4 in Long Blades
  1752 | D:3      | Reached XP level 5. HP: 39/41 MP: 5/5
  2355 | D:3      | Found a runed translucent door.
  2356 | D:3      | Noticed Crazy Yiuf
  2418 | D:4      | Found a runed translucent gate.
  2418 | D:4      | Found a runed translucent gate.
  2418 | D:4      | Found a runed translucent gate.
  2420 | D:4      | Found an opulent altar of Gozag.
  2777 | D:3      | Reached XP level 6. HP: 48/48 MP: 6/6
  2835 | D:4      | Reached skill level 4 in Fighting
  2876 | D:4      | Reached skill level 3 in Armour
  3184 | D:4      | Noticed Sigmund
  3195 | D:4      | Found a staircase to the Ecumenical Temple.
  3204 | Temple   | Found a transporter.
  3204 | Temple   | Found a transporter.
  3204 | Temple   | Found a transporter.
  3204 | Temple   | Found a transporter.
  3204 | Temple   | Entered the Ecumenical Temple
  3220 | Temple   | Became a worshipper of the Wu Jian Council
  3239 | D:4      | Killed Sigmund
  3240 | D:4      | Reached skill level 5 in Long Blades
  3240 | D:4      | Reached XP level 7. HP: 33/55 MP: 2/7
  3661 | D:4      | Noticed shadowstone's ghost (amateur CoBr)
  4259 | D:5      | Entered Level 5 of the Dungeon
  4259 | D:5      | Found Geusiguo's Armour Shoppe.
  4286 | D:5      | Reached skill level 5 in Fighting
  4286 | D:5      | Reached skill level 4 in Armour
  4485 | D:5      | HP: 8/84 [orc priest/divine providence (17)]
  4487 | D:5      | HP: 2/84 [poisoned by an orc wizard]
  4488 | D:5      | Succumbed to an orc wizard's poison

Vanquished Creatures
  Sigmund (D:4)
  An ice beast (D:5)
  A bullfrog (D:4)
  A scorpion (D:5)
  An orc priest (D:5)
  A hound (Temple)
  An iguana (D:4)
  7 orc wizards
  3 adders
  A dart slug (D:4)
  2 ribbon worms (D:2)
  15 orcs
  3 bats
  9 endoplasms
  7 giant cockroaches
  6 goblins
  7 hobgoblins
  2 jackals (D:2)
  7 ball pythons
  A frilled lizard (D:1)
  8 kobolds
  8 rats
  A spectral kobold (D:2)
94 creatures vanquished.

Table legend: (Time is in decaauts)
 A = Elapsed time spent in this place.
 B = Non-inter-level travel time spent in this place.
 C = Inter-level travel time spent in this place.
 D = Time resting spent in this place.
 E = Time spent auto-exploring this place.
 F = Levels seen in this place.
 G = Mean time per level.
                   A        B        C        D        E       F      G
               +--------+--------+--------+--------+--------+-----+--------+
         Total |   4503 |   4331 |    172 |    535 |   3092 |   6 |  750.5 |
       Dungeon |   4473 |   4309 |    164 |    535 |   3092 |   5 |  894.6 |
        Temple |     29 |     21 |      8 |      0 |      0 |   1 |   29.0 |
               +--------+--------+--------+--------+--------+-----+--------+

Top non-repeatable levels by time:
     D:4: 1582 daAuts
     D:2: 1131 daAuts
     D:3: 1061 daAuts
     D:1: 572 daAuts
     D:5: 126 daAuts
  Temple: 29 daAuts

Table legend:
 A = Non-vault XP
 B = Vault XP
 C = Vault XP percentage of total XP
 D = Non-vault monster count
 E = Vault monster count
 F = Vault count percentage of total count
                 A         B        C        D         E       F
            +---------+---------+-------+---------+---------+-------
      Total |     952 |     234 |  19.7 |      92 |       2 |   2.1
            +---------+---------+-------+---------+---------+-------
        D:1 |      60 |       0 |   0.0 |      24 |       0 |   0.0
        D:2 |      80 |       2 |   2.4 |      19 |       1 |   5.0
        D:3 |     166 |       0 |   0.0 |      20 |       0 |   0.0
        D:4 |     304 |     232 |  43.3 |      22 |       1 |   4.3
        D:5 |     301 |       0 |   0.0 |       6 |       0 |   0.0
     Temple |      41 |       0 |   0.0 |       1 |       0 |   0.0
            +---------+---------+-------+---------+---------+-------
